 Dungeon Crawl Stone Soup version 0.21-a0-150-gc243083 (webtiles) character file.

3146 KaneParker the Skirmisher (level 9, -9/79 HPs)
             Began as a Demonspawn Berserker on July 26, 2017.
             Was a High Priest of Trog.
             Mangled by an orc warrior
             ... wielding a +0 morningstar
              (11 damage)
             ... on level 8 of the Dungeon.
             The game lasted 00:57:40 (5470 turns).

KaneParker the Skirmisher (Demonspawn Berserker)    Turns: 5470, Time: 00:57:40

Health: -9/79      AC: 19    Str: 22    XL:     9   Next: 62%
Magic:  8/8        EV:  8    Int:  7    God:    Trog [*****.]
Gold:   396        SH: 15    Dex: 15    Spells: 8/8 levels left

rFire    + + .     SeeInvis .   n - +6 falchion
rCold    . . .     Gourm    .   v - +1 large shield
rNeg     . . .     Faith    .   j - +4 scale mail "Boclot" {rElec Str+5 Int-3 Stlth+}
rPois    .         Spirit   .   (helmet restricted)
rElec    +         Reflect  .   h - +2 cloak {MR+}
rCorr    .         Harm     .   r - +0 pair of gloves
MR       +....                  i - +0 pair of boots
Stlth    +++.......             (no amulet)
HPRegen  0.23/turn              d - ring of protection from fire
MPRegen  0.11/turn              (no ring)

@: no status effects
A: horns 1, rugged brown scales 2, fire resistance 1, low mp 1, nightstalker 1,
robust 1
a: Berserk, Trog's Hand, Brothers in Arms, Burn Spellbooks, Renounce Religion


You were on level 8 of the Dungeon.
You worshipped Trog.
Trog was extremely pleased with you.
You were not hungry.

You visited 1 branch of the dungeon, and saw 8 of its levels.
You also visited: Ossuary.

You collected 396 gold pieces.

Inventory:

Hand Weapons
 n - a +6 falchion (weapon)
Missiles
 g - 3 tomahawks (quivered)
Armour
 h - a +2 cloak of magic resistance (worn)
 i - a +0 pair of boots (worn)
 j - the +4 scale mail "Boclot" (worn) {rElec Str+5 Int-3 Stlth+}
   (You found it on level 6 of the Dungeon)

   It affects your strength (+5).
   It affects your intelligence (-3).
   It insulates you from electricity.
   It makes you more stealthy.
 r - a +0 pair of gloves (worn)
 v - a +1 large shield (worn)
Jewellery
 d - a ring of protection from fire (left hand)
Wands
 c - a wand of acid (6/15)
 C - a wand of lightning (5/15)
Scrolls
 b - 3 scrolls of fear
 e - 3 scrolls of remove curse
 f - 4 scrolls of teleportation
 y - a scroll of identify
 B - 3 scrolls of enchant armour
Potions
 m - 2 potions of agility
 o - a potion of haste
 p - 3 potions of lignification
 s - a potion of resistance
 t - a potion of magic
 w - a potion of might
 x - a potion of curing
 z - 2 potions of heal wounds
Comestibles
 a - 2 chunks of flesh
 k - 3 bread rations
 l - 2 royal jellies
 q - 4 meat rations


   Skills:
 + Level 5.9 Fighting
 + Level 5.5 Long Blades
   Level 5.5(6.0) Axes
   Level 3.2(4.8) Maces & Flails
 + Level 5.1 Armour
 + Level 4.2 Dodging
 + Level 3.1 Stealth
 + Level 3.3 Shields


You had 8 spell levels left.
You didn't know any spells.

Dungeon Overview and Level Annotations

Branches:
Dungeon (8/15)             Temple (0/1) D:5
   Lair: D:8-11

Altars:
Cheibriados
Makhleb


Innate Abilities, Weirdness & Mutations

You have a pair of small horns on your head.
You are mostly covered in rugged brown scales. (AC +2, +5% HP)
You are slightly more attuned to the shadows.
Your flesh is heat resistant. (rF+)
Your magical capacity is low. (-10% MP)
You are robust. (+10% HP)


Message History

The orc warrior is severely wounded.
The orc priest looks encouraged for a moment.
Your shield prevents you from hitting the orc warrior.
The orc warrior is severely wounded.
You block the orc warrior's attack.
The orc warrior hits you with a morningstar!
You closely miss the orc warrior.
You headbutt the orc warrior, but do no damage.
The orc warrior is severely wounded.
The orc warrior hits you with a morningstar.
You closely miss the orc warrior.
The orc warrior is severely wounded.
The orc priest calls down the wrath of Beogh upon you.
Beogh smites you!
* * * LOW HITPOINT WARNING * * *
The orc priest calls down the wrath of Beogh upon you.
Beogh smites you!
* * * LOW HITPOINT WARNING * * *
The orc warrior hits you with a morningstar!
You die...

#.# #.# #
#.#.####...###
#.######.#.###.#.#
##.##
#...........##.#.#
#.#
########.#..##.#.#
#.#
#.#..##.#.#####.#
..#.............#
#######.#########
#########.#
...ooo@...#
###########


You could see an orc warrior, an orc priest and an orc.

Vanquished Creatures
  Grinder (D:4)
  A hippogriff (D:8)
  A hungry ghost (D:8)
  Duvessa (D:5)
  A black bear (D:8)
  A necrophage (D:8)
  2 ice beasts (D:7)
  An ogre (D:6)
  A phantom (D:7)
  A sky beast (D:5)
  3 bullfrogs
  Dowan (D:5)
  2 scorpions
  A howler monkey (D:5)
  5 wights (D:6)
  7 crimson imps
  3 centaur zombies (Ossuary)
  4 hounds
  3 orc priests
  Crazy Yiuf (D:2)
  A jelly (D:8)
  6 orc wizards
  Natasha (thrice) (D:3 D:6)
  2 worker ants
  2 ogre zombies (Ossuary)
  A big kobold zombie (Ossuary)
  A hound skeleton (D:5)
  7 mummies (Ossuary)
  A worker ant zombie (D:5)
  6 gnolls
  7 adders
  5 adder zombies (Ossuary)
  2 adder skeletons (D:4)
  2 worms
  A dart slug (D:2)
  2 leopard geckos (D:7)
  21 orcs
  6 bats
  2 giant cockroaches
  A gnoll zombie (Ossuary)
  2 goblins (D:1)
  11 hobgoblins
  10 jackals
  3 quokkas
  A ball python (D:6)
  7 frilled lizards
  5 goblin zombies (Ossuary)
  A hobgoblin zombie (Ossuary)
  6 kobolds
  4 kobold zombies (Ossuary)
  A quokka skeleton (D:4)
  2 quokka zombies (Ossuary)
  4 rats
  4 rat zombies (Ossuary)
  A fungus (D:2)
182 creatures vanquished.

Notes
Turn   | Place    | Note
-------+----------+-------------------------------------------
     0 | D:1      | KaneParker the Demonspawn Berserker began the quest for the Orb.
     0 | D:1      | Reached XP level 1. HP: 18/18 MP: 1/1
   237 | D:1      | Gained mutation: You are partially covered in rugged brown scales. (AC +1, +3% HP) [demonic ancestry]
   237 | D:1      | Reached XP level 2. HP: 21/24 MP: 2/2
   436 | D:1      | Reached ** piety under Trog
   897 | D:2      | Found a runed door.
   901 | D:2      | Noticed Crazy Yiuf
   920 | D:2      | Killed Crazy Yiuf
   920 | D:2      | Reached XP level 3. HP: 16/29 MP: 3/3
  1380 | D:2      | Found a burning altar of Makhleb.
  1510 | D:3      | Reached XP level 4. HP: 36/36 MP: 4/4
  1586 | D:3      | Noticed Natasha
  1597 | D:3      | Killed Natasha
  1597 | D:3      | Reached skill level 1 in Stealth
  1605 | D:3      | Found a snail-covered altar of Cheibriados.
  1660 | D:3      | Reached skill level 1 in Maces & Flails
  1685 | D:3      | Noticed Natasha
  1692 | D:3      | Killed Natasha
  1692 | D:3      | Reached XP level 5. HP: 42/42 MP: 5/5
  2030 | D:4      | Gained mutation: You have a pair of small horns on your head. [demonic ancestry]
  2030 | D:4      | Reached XP level 6. HP: 44/49 MP: 6/6
  2223 | D:4      | Reached *** piety under Trog
  2310 | D:4      | Noticed Grinder
  2322 | D:4      | Killed Grinder
  2322 | D:4      | Gained mutation: You are slightly more attuned to the shadows. [demonic ancestry]
  2322 | D:4      | Reached XP level 7. HP: 20/56 MP: 7/7
  2560 | D:5      | Entered Level 5 of the Dungeon
  2582 | D:5      | Reached skill level 1 in Axes
  2729 | D:5      | Found a staircase to the Ecumenical Temple.
  2802 | D:5      | Gained mutation: Your flesh is heat resistant. (rF+) [mutagenic meat]
  2862 | D:5      | Gained mutation: You are robust. (+10% HP) [mutagenic meat]
  2867 | D:5      | Gained mutation: Your magical capacity is low. (-10% MP) [mutagenic meat]
  2893 | D:5      | Noticed Duvessa
  2897 | D:5      | Noticed Dowan
  2905 | D:5      | Killed Duvessa
  2907 | D:5      | Killed Dowan
  2907 | D:5      | Gained mutation: You are mostly covered in rugged brown scales. (AC +2, +5% HP) [demonic ancestry]
  2907 | D:5      | Reached XP level 8. HP: 50/70 MP: 7/7
  2909 | D:5      | Reached skill level 5 in Fighting
  3482 | D:6      | Noticed Natasha
  3493 | D:6      | Killed Natasha
  3503 | D:6      | Got a translucent scale mail
  3514 | D:6      | Identified the +4 scale mail "Boclot" {rElec Str+5 Int-3 Stlth+} (You found it on level 6 of the Dungeon)
  3532 | D:6      | Reached **** piety under Trog
  3571 | D:6      | Reached skill level 5 in Axes
  3779 | D:7      | Found a sand-covered staircase.
  3801 | Ossuary  | Entered an ossuary
  3996 | Ossuary  | Reached skill level 1 in Shields
  4243 | Ossuary  | Reached ***** piety under Trog
  4372 | D:7      | Reached XP level 9. HP: 71/79 MP: 8/8
  4775 | D:7      | Reached skill level 5 in Armour
  5287 | D:8      | Reached skill level 5 in Long Blades
  5470 | D:8      | HP: 2/79 [orc priest/divine providence (12)]
  5470 | D:8      | Mangled by an orc warrior

Vault maps used:
D:1:      nicolae_arrival_washed_ashore, minmay_crystal_room
D:2:      lemuel_coloured_pillars_altar, moated_statue, uniq_crazy_yiuf_cottage
D:3:      lemuel_round_altar, uniq_natasha
D:4:      uniq_grinder
D:5:      cheibrodos_iron_armory, lemuel_temple_firewalk_a, first_bread,
          uniq_duvessa
D:7:      enter_ossuary_1
Ossuary:  ossuary_boxes_badplayer

Skill      XL: |  1  2  3  4  5  6  7  8  9 |
---------------+----------------------------+-----
Dodging        | 2 3 4 |  4.2
Long Blades    | 3 5 |  5.5
Armour         | 2 3 4 5 |  5.1
Stealth        | 1 2 3 |  3.1
Maces & Flails | 1 2 3 |  3.2
Fighting       | 4 5 |  5.9
Axes           | 3 5 |  5.5
Shields        | 1 3 |  3.3

Action                   |  1- 3 |  4- 6 |  7- 9 || total
-------------------------+-------+-------+-------++-------
Melee: Falchion          |   111 |       |   242 ||   353
       Mace              |    42 |   132 |       ||   174
       Headbutt          |       |    13 |    92 ||   105
       War axe           |       |     6 |    88 ||    94
       Battleaxe         |       |       |    61 ||    61
Invok: Berserk           |     2 |     4 |     4 ||    10
       Trog's Hand       |       |     1 |       ||     1
       Burn Spellbooks   |       |       |     1 ||     1
  Use: Potion            |     1 |     4 |     3 ||     8
       Scroll            |     2 |     4 |    13 ||    19
 Stab: Invisible         |     4 |       |       ||     4
       Sleeping          |       |       |    12 ||    12
  Eat: Chunk             |     2 |     3 |    13 ||    18
       Bread ration      |     1 |       |     1 ||     2
       Fruit             |       |     1 |     3 ||     4
Armor: Chain mail        |   150 |   158 |       ||   308
       Skin              |       |     5 |       ||     5
       Scale mail        |       |     2 |   111 ||   113
       Plate armour      |       |       |    97 ||    97
Dodge: Dodged            |    93 |   118 |   131 ||   342
Block: Large shield      |       |       |   185 ||   185
       Rpst.: Falchion   |    12 |       |    11 ||    23
